 Dungeon Crawl Stone Soup version 0.20.1-1-g8b1a95d (webtiles) character file.

44146 Mesmaeker13 the Earth Mage (level 14, -3/68 HPs)
             Began as a Gargoyle Earth Elementalist on July 9, 2017.
             Was an Elder of Vehumet.
             Slain by a five-headed hydra (5 damage)
             ... on level 5 of the Lair of Beasts.
             The game lasted 01:13:55 (24245 turns).

Mesmaeker13 the Earth Mage (GrEE)                  Turns: 24245, Time: 01:13:56

Health: -3/68      AC: 19    Str: 12    XL:     14   Next: 27%
Magic:  27/27      EV: 15    Int: 28    God:    Vehumet [****..]
Gold:   991        SH:  5    Dex: 10    Spells: 16/32 levels left

rFire    + + .     SeeInvis .   y - +3 dagger (venom)
rCold    + . .     Gourm    .   f - +0 buckler
rNeg     + . .     Faith    .   P - +1 leather armour of Hide-and-Seek {rF+ MR+ Int+4}
rPois    ∞         Spirit   .   g - +2 helmet
rElec    +         Reflect  .   M - scarf {rC+ rF+}
rCorr    +         Harm     .   (no gloves)
MR       ++...                  c - +0 pair of boots
Stlth    ++........             (no amulet)
Regen    0.3/turn               H - +3 ring of intelligence
MPRegen  0.2/turn               E - ring of resist corrosion

@: no status effects
A: big wings, negative energy resistance 1, sense surroundings 1, electricity
resistance, wild magic 3, unbreathing, petrification resistance, rot immunity,
AC +9
a: Fly, Renounce Religion


You were on level 5 of the Lair of Beasts.
You worshipped Vehumet.
Vehumet was greatly pleased with you.
You were hungry.

You visited 3 branches of the dungeon, and saw 17 of its levels.

You collected 991 gold pieces.

Inventory:

Hand Weapons
 y - a +3 dagger of venom (weapon)
 L - a +2 scimitar of holy wrath
Missiles
 b - 232 stones (quivered)
Armour
 c - a +0 pair of boots (worn)
 f - a +0 buckler (worn)
 g - a +2 helmet (worn)
 M - a scarf of resistance (worn)
 P - the +1 leather armour of Hide-and-Seek (worn) {rF+ MR+ Int+4}
   (You found it on level 3 of the Lair of Beasts)

   It affects your intelligence (+4).
   It protects you from fire.
   It affects your resistance to hostile enchantments.
Magical Staves
 S - an uncursed staff of energy
Jewellery
 i - an uncursed ring of ice
 E - a ring of resist corrosion (right hand)
 H - a +3 ring of intelligence (left hand)
Wands
 m - a wand of lightning (2/15)
 D - a wand of scattershot (0/9)
Scrolls
 h - a scroll of fog
 j - 2 scrolls of summoning {unknown}
 p - 2 scrolls of teleportation
 q - 3 scrolls of recharging
 r - a scroll of blinking {unknown}
 s - a scroll of identify
 w - a scroll of vulnerability {unknown}
 x - 7 scrolls of remove curse
 C - 2 scrolls of holy word {unknown}
 G - 4 scrolls of immolation
 J - 3 scrolls of fear
 O - 2 scrolls of amnesia {unknown}
 Q - 2 scrolls of enchant armour
 T - a scroll of silence {unknown}
Potions
 a - 2 potions of resistance
 k - 3 potions of curing
 o - a potion of flight {unknown}
 t - 3 potions of cancellation
 v - 2 potions of agility {unknown}
 B - 3 potions of invisibility
 F - 4 potions of degeneration {unknown}
 R - a potion of brilliance {unknown}
 U - 2 potions of mutation
Books
 e - a book of Geomancy

   Spells                             Type                      Level
   a - Sandblast                      Earth                        1
   b - Passwall                       Transmutation/Earth          2
   c - Stone Arrow                    Conjuration/Earth            3
   d - Petrify                        Transmutation/Earth          4
   e - Lee's Rapid Deconstruction     Earth                        5
 n - a book of Unlife

   Spells                             Type                      Level
   a - Recall                         Summoning/Translocation      3
   b - Animate Dead                   Necromancy                   4
   c - Control Undead                 Necromancy                   4
   d - Cigotuvi's Embrace             Necromancy                   5
   e - Death Channel                  Necromancy                   6
   f - Simulacrum                     Ice/Necromancy               6
 N - a book of Frost

   Spells                             Type                      Level
   a - Freeze                         Ice                          1
   b - Throw Frost                    Conjuration/Ice              2
   c - Ozocubu's Armour               Charms/Ice                   3
   d - Throw Icicle                   Conjuration/Ice              4
   e - Summon Ice Beast               Ice/Summoning                4
 X - a book of Party Tricks

   Spells                             Type                      Level
   a - Summon Butterflies             Summoning                    1
   b - Apportation                    Translocation                1
   c - Lesser Beckoning               Translocation                3
   d - Tukima's Dance                 Hexes                        3
   e - Alistair's Intoxication        Transmutation/Poison         5
   f - Invisibility                   Hexes                        6
Miscellaneous
 I - a lamp of fire
 K - a phial of floods (inert)
 V - a lightning rod (4/4)
Comestibles
 d - 10 bread rations
 l - 4 royal jellies
 u - 8 meat rations
 A - 20 fruits
 W - 3 chunks of flesh


   Skills:
 + Level 10.0 Armour
 - Level 8.0 Dodging
 - Level 2.1 Stealth
 - Level 5.0 Shields
 + Level 9.5 Spellcasting
 - Level 10.0 Conjurations
 + Level 5.4 Charms
 - Level 0.7 Transmutations
 - Level 5.0 Ice Magic
 + Level 15.2 Earth Magic


You had 16 spell levels left.
You knew the following spells:

 Your Spells              Type           Power        Failure   Level  Hunger
a - Sandblast             Erth           ######       1%          1    None
b - Stone Arrow           Conj/Erth      ######       1%          3    None
c - Lee's Rapid Deconstr  Erth           ########..   1%          5    ####...
d - Ozocubu's Armour      Chrm/Ice       ######..     10%         3    None
e - Petrify               Tmut/Erth      #######.     10%         4    None


Dungeon Overview and Level Annotations

Branches:
Dungeon (10/15)            Temple (1/1) D:4            Lair (6/6) D:8
  Swamp (0/4) Lair:4       Spider (0/4) Lair:3        Slime (0/5) Lair:5
    Orc (0/2) D:9

Altars:
Ashenzari
Cheibriados
Dithmenos
Elyvilon
Fedhas
Gozag
Hepliaklqana
Kikubaaqudgha
Makhleb
Nemelex Xobeh
Okawaru
Qazlal
Ru
Sif Muna
Trog
Uskayaw
Vehumet
Xom
Yredelemnul
Zin
The Shining One
Jiyva

Annotations:
D:8 PeterMcNeter's ghost, novice NaWr
Lair:5 1 runed door


Innate Abilities, Weirdness & Mutations

You are resistant to torment.
Your stone body is resilient. (AC +9)
You are immune to poison.
Your large and strong wings let you fly indefinitely.
You resist negative energy. (rN+)
You are resistant to electric shocks. (rElec)
You can survive without breathing.
You are immune to petrification.
You are immune to rotting.
You passively map a small area around you.
Your spells are much harder to cast, but much more powerful.


Message History

The five-headed hydra completely misses you.
The five-headed hydra misses you.
Okay, then.
The five-headed hydra closely misses you.
The five-headed hydra bites you.
* * * LOW HITPOINT WARNING * * *
The five-headed hydra bites you but does no damage.
The five-headed hydra bites you!
* * * LOW HITPOINT WARNING * * *
The five-headed hydra misses you.
You feel much better.
The five-headed hydra barely misses you.
The five-headed hydra bites you.
* * * LOW HITPOINT WARNING * * *
The five-headed hydra bites you.
* * * LOW HITPOINT WARNING * * *
The five-headed hydra bites you!
* * * LOW HITPOINT WARNING * * *
The five-headed hydra bites you.
You die...

###.......## #P.........
##........### ##.........
#.##........####.........
####.......###..>........
#.......# ##..........
#......## ##.........
###..P## #..........
###..P#######.........
#.P..@D..#.#..........
#P....................
###...................
##....#####.....#....
#.....P##............
#....................
#....................
#.#..................
###...................


You could see a five-headed hydra.

Vanquished Creatures
  Kirke (Lair:6)
  Fannar (Lair:1)
  4 hydras
  A catoblepas (Lair:5)
  An anaconda (Lair:5)
  3 two-headed ogres
  6 death yaks
  Urug (Lair:4)
  Pikel (D:8)
  A manticore (Lair:6)
  10 elephants
  6 black mambas
  The ghost of polve the Zephyrmancer, a novice TeAE (D:6)
  A gargoyle (D:10)
  4 spiny frogs
  9 rime drakes (Lair:6)
  9 komodo dragons
  A merfolk (D:9)
  4 trolls
  A polar bear (Lair:6)
  Grinder (D:6)
  7 blink frogs
  6 dream sheep (Lair:6)
  9 hippogriffs
  8 wyverns
  Sigmund (D:2)
  21 yaks
  3 basilisks (Lair:6)
  Menkaure (D:7)
  5 swamp worms (Lair:4)
  15 water moccasins
  4 porcupines
  3 orc warriors
  An ice beast (D:5)
  3 sky beasts
  A slave (D:7)
  4 black bears
  An ogre (D:10)
  6 wolves (Lair:6)
  12 centaurs
  16 crocodiles
  A big kobold (D:9)
  15 bullfrogs
  2 scorpions
  The ghost of Wilfredo the Shield-Bearer, a weakling TrFi (D:3)
  Dowan (D:6)
  4 killer bees (D:9)
  4 electric eels
  3 howler monkeys
  4 jellies
  5 crimson imps
  2 centaur zombies
  3 bullfrog skeletons
  2 hounds
  3 orc priests
  An iguana (D:9)
  6 worker ants
  12 orc wizards
  A hound skeleton (D:4)
  Robin (D:3)
  9 gnolls
  6 adders
  A shadow imp (D:10)
  An adder zombie (D:9)
  An adder skeleton (D:7)
  5 worms (D:2)
  A dart slug (D:2)
  4 leopard geckos
  54 orcs
  A ball python (D:2)
  5 giant cockroaches
  14 goblins
  13 hobgoblins
  4 jackals
  2 quokkas
  5 bats
  A frilled lizard (D:3)
  5 kobolds
  A leopard gecko skeleton (D:5)
  13 rats
  A butterfly (Lair:5)
412 creatures vanquished.

Vanquished Creatures (collateral kills)
  An orc warrior (D:10)
  An orc (D:10)
2 creatures vanquished.

Vanquished Creatures (others)
  5 humans (Lair:6)
  A hungry ghost (D:8)
  A leopard gecko (D:8)
  31 fungi
  30 plants
68 creatures vanquished.

Grand Total: 482 creatures vanquished

Notes
Turn   | Place    | Note
-------+----------+-------------------------------------------
     0 | D:1      | Mesmaeker13 the Gargoyle Earth Elementalist began the quest for the Orb.
     0 | D:1      | Reached XP level 1. HP: 10/10 MP: 3/3
   501 | D:1      | You fall through a shaft!
   518 | D:2      | Reached XP level 2. HP: 15/15 MP: 1/5
   781 | D:2      | Reached skill level 4 in Earth Magic
   829 | D:2      | Reached XP level 3. HP: 19/19 MP: 3/6
  1406 | D:1      | Learned a level 3 spell: Stone Arrow
  1486 | D:1      | Found a sparkling altar of Nemelex Xobeh.
  2019 | D:2      | Noticed Sigmund
  2055 | D:2      | Killed Sigmund
  2055 | D:2      | Reached skill level 5 in Earth Magic
  2055 | D:2      | Reached XP level 4. HP: 24/24 MP: 7/9
  2055 | D:2      | Reached XP level 5. HP: 28/28 MP: 7/10
  2411 | D:2      | Reached XP level 6. HP: 30/32 MP: 11/11
  2501 | D:3      | Found a sacrificial altar of Ru.
  2606 | D:3      | Noticed Wilfredo's ghost (weakling TrFi)
  2682 | D:4      | Reached skill level 1 in Conjurations
  2972 | D:4      | Found a blossoming altar of Fedhas.
  2995 | D:4      | Found a staircase to the Ecumenical Temple.
  2999 | Temple   | Entered the Ecumenical Temple
  3336 | D:4      | Reached XP level 7. HP: 36/36 MP: 8/13
  3407 | D:4      | Found a radiant altar of Vehumet.
  3415 | D:4      | Became a worshipper of Vehumet
  3693 | D:5      | Entered Level 5 of the Dungeon
  4220 | D:5      | Reached skill level 6 in Earth Magic
  4472 | D:5      | Learned a level 5 spell: Lee's Rapid Deconstruction
  4531 | D:5      | Reached XP level 8. HP: 41/41 MP: 5/15
  5067 | D:5      | Reached skill level 5 in Spellcasting
  5421 | D:5      | Reached skill level 7 in Earth Magic
  5431 | D:5      | Reached * piety under Vehumet
  5431 | D:5      | Offered knowledge of Sting by Vehumet.
  6050 | D:3      | Noticed Robin
  6244 | D:3      | Killed Robin
  6440 | D:3      | Killed Wilfredo's ghost
  6626 | D:3      | Found a white marble altar of Elyvilon.
  7009 | D:6      | Reached skill level 1 in Shields
  7191 | D:6      | Noticed polve's ghost (novice TeAE)
  7202 | D:6      | Killed polve's ghost
  7202 | D:6      | Reached skill level 5 in Dodging
  7202 | D:6      | Reached skill level 5 in Conjurations
  7202 | D:6      | Reached XP level 9. HP: 28/45 MP: 8/17
  7507 | D:6      | Noticed Dowan
  7509 | D:6      | Noticed Duvessa
  7526 | D:6      | Killed Dowan
  7526 | D:6      | Reached skill level 8 in Earth Magic
  7771 | D:6      | Noticed Duvessa
  7771 | D:6      | Duvessa changed into Duvessa the worker ant
  7780 | D:6      | Killed Duvessa the worker ant
  7863 | D:6      | Noticed Grinder
  7871 | D:6      | Killed Grinder
  7882 | D:7      | Noticed Menkaure
  7889 | D:7      | Killed Menkaure
  8015 | D:7      | Reached ** piety under Vehumet
  8015 | D:7      | Offered knowledge of Flame Tongue by Vehumet.
  8062 | D:7      | Found a bloodstained altar of Trog.
  8211 | D:7      | Got a faintly humming ring mail
  8490 | D:7      | Identified the +0 ring mail of Omoupoh {*Contam Regen+ Stlth+} (You found it on level 7 of the Dungeon)
  8626 | D:7      | Noticed a two-headed ogre
  8873 | D:7      | Killed a two-headed ogre
  8873 | D:7      | Reached skill level 5 in Shields
  8873 | D:7      | Reached skill level 9 in Earth Magic
  8873 | D:7      | Reached XP level 10. HP: 50/50 MP: 8/18
  9030 | D:8      | Noticed PeterMcNeter's ghost (novice NaWr)
  9670 | D:8      | Noticed Pikel
  9694 | D:8      | Killed Pikel
  9896 | D:8      | Offered knowledge of Searing Ray by Vehumet.
 10367 | D:8      | Found a staircase to the Lair.
 10686 | D:9      | Gained mutation: You are frail. (-10% HP) [potion of mutation]
 10686 | D:9      | Gained mutation: Your muscles are strong. (Str +2) [potion of mutation]
 10686 | D:9      | Gained mutation: You are dopey. (Int -2) [potion of mutation]
 10686 | D:9      | Gained mutation: You are somewhat resistant to further mutation. [potion of mutation]
 10687 | D:9      | Lost mutation: You are dopey. (Int -2) [potion of mutation]
 10687 | D:9      | Lost mutation: You are frail. (-10% HP) [potion of mutation]
 10687 | D:9      | Lost mutation: You are somewhat resistant to further mutation. [potion of mutation]
 10687 | D:9      | Lost mutation: Your muscles are strong. (Str +2) [potion of mutation]
 10687 | D:9      | Gained mutation: Your spells are a little harder to cast, but a little more powerful. [potion of mutation]
 10687 | D:9      | Gained mutation: Your spells are harder to cast, but more powerful. [potion of mutation]
 10687 | D:9      | Gained mutation: You passively map a small area around you. [potion of mutation]
 10687 | D:9      | Gained mutation: Your spells are much harder to cast, but much more powerful. [potion of mutation]
 10704 | D:9      | Reached skill level 10 in Earth Magic
 11115 | D:9      | Found a staircase to the Orcish Mines.
 11182 | D:9      | Reached *** piety under Vehumet
 11255 | D:9      | Found a glowing silver altar of Zin.
 11429 | D:9      | Found a shadowy altar of Dithmenos.
 11681 | D:10     | Entered Level 10 of the Dungeon
 11705 | D:10     | Noticed a two-headed ogre
 11866 | D:10     | Reached XP level 11. HP: 54/54 MP: 9/20
 12029 | D:10     | Offered knowledge of Static Discharge by Vehumet.
 12034 | D:10     | Learned a level 3 spell: Ozocubu's Armour
 12120 | D:10     | Killed a two-headed ogre
 12314 | D:10     | Reached skill level 11 in Earth Magic
 12438 | D:10     | Noticed a two-headed ogre
 12445 | D:10     | Killed a two-headed ogre
 12695 | Lair:1   | Entered Level 1 of the Lair of Beasts
 13070 | Lair:1   | Noticed Fannar
 13111 | Lair:1   | Killed Fannar
 13760 | D:8      | Reached **** piety under Vehumet
 14107 | Lair:2   | Reached skill level 1 in Armour
 14278 | Lair:2   | Noticed a death yak
 14278 | Lair:2   | Noticed a death yak
 14281 | Lair:2   | Noticed a death yak
 14281 | Lair:2   | Noticed a death yak
 14334 | Lair:2   | Killed a death yak
 14804 | Lair:2   | Reached skill level 12 in Earth Magic
 14850 | Lair:2   | Reached skill level 10 in Conjurations
 14850 | Lair:2   | Reached XP level 12. HP: 59/59 MP: 8/22
 15058 | Lair:2   | Noticed a death yak
 15075 | Lair:1   | Killed a death yak
 15075 | Lair:1   | Offered knowledge of Bolt of Draining by Vehumet.
 15075 | Lair:1   | Reached skill level 1 in Charms
 15152 | Lair:2   | Noticed a five-headed hydra
 15448 | Lair:1   | Killed a death yak
 16423 | Lair:1   | Learned a level 4 spell: Petrify
 16504 | Lair:2   | Killed a five-headed hydra
 16624 | Lair:2   | Killed a death yak
 16881 | Lair:3   | Found a hole to the Spider Nest.
 16952 | Lair:3   | Reached skill level 5 in Armour
 17050 | Lair:3   | Got a slimy long sword
 17055 | Lair:3   | Identified the +3 long sword "Dainofet" {vamp, *Slow rC+ Int+2} (You found it on level 3 of the Lair of Beasts)
 17260 | Lair:3   | Got a scorched leather armour
 17274 | Lair:3   | Identified the +1 leather armour of Hide-and-Seek {rF+ MR+ Int+4} (You found it on level 3 of the Lair of Beasts)
 18006 | Lair:4   | Reached skill level 13 in Earth Magic
 18131 | Lair:4   | Found a staircase to the Swamp.
 18463 | Lair:4   | Noticed Urug
 18511 | Lair:4   | Killed Urug
 18784 | Lair:4   | Found a shattered altar of Ashenzari.
 19600 | Lair:4   | Reached skill level 5 in Charms
 19841 | Lair:5   | Reached XP level 13. HP: 63/63 MP: 20/24
 19926 | Lair:5   | Reached skill level 1 in Ice Magic
 20546 | Lair:5   | Reached skill level 14 in Earth Magic
 21285 | Lair:5   | Found a runed door.
 21345 | Lair:5   | Found a viscous altar of Jiyva.
 21345 | Lair:5   | Found a staircase to the Slime Pits.
 21345 | Lair:5   | Noticed an acid blob
 21345 | Lair:5   | Noticed an acid blob
 21345 | Lair:5   | Noticed an acid blob
 21494 | Lair:6   | Entered Level 6 of the Lair of Beasts
 21511 | Lair:6   | Reached ***** piety under Vehumet
 21619 | Lair:5   | Offered knowledge of Iskenderun's Mystic Blast by Vehumet.
 22947 | Lair:6   | Reached skill level 5 in Ice Magic
 22987 | Lair:6   | Gained mutation: Your large and strong wings let you fly indefinitely. [Gargoyle growth]
 22987 | Lair:6   | Reached XP level 14. HP: 30/68 MP: 12/27
 23263 | Lair:6   | Noticed Kirke
 23288 | Lair:6   | Killed Kirke
 23288 | Lair:6   | Reached skill level 15 in Earth Magic
 24076 | Lair:5   | Reached skill level 10 in Armour
 24245 | Lair:5   | HP: 2/68 [five-headed hydra (8)]
 24245 | Lair:5   | Slain by a five-headed hydra

Skill      XL: |  1  2  3  4  5  6  7  8  9 10 11 12 13 14 |
---------------+-------------------------------------------+-----
Earth Magic    | 4 5 6 7 9 10 12 13 14 15 | 15.2
Dodging        | 3 4 5 6 7 8 |  8.0
Spellcasting   | 3 4 5 6 7 9 |  9.5
Conjurations   | 2 3 5 6 8 10 | 10.0
Shields        | 2 5 |  5.0
Armour         | 3 7 9 10 | 10.0
Charms         | 5 |  5.4
Ice Magic      | 5 |  5.0
Stealth        | |  2.1
Transmutations | |  0.7

Action                   |  1- 3 |  4- 6 |  7- 9 | 10-12 | 13-15 || total
-------------------------+-------+-------+-------+-------+-------++-------
Melee: Unarmed           |     7 |       |       |       |       ||     7
       Mace              |    53 |    91 |    57 |       |       ||   201
       Dagger            |       |       |   213 |   438 |   340 ||   991
       Trident           |       |       |    29 |       |       ||    29
 Fire: Blowgun           |       |       |     2 |     7 |       ||     9
Throw: Throwing net      |       |       |       |     5 |       ||     5
 Cast: Sandblast         |    20 |    18 |    66 |    44 |       ||   148
       Stone Arrow       |       |     1 |    44 |   232 |   224 ||   501
       Lee's Rapid Decon |       |       |       |     7 |     1 ||     8
       Ozocubu's Armour  |       |       |       |     3 |     1 ||     4
       Petrify           |       |       |       |     5 |     4 ||     9
Evoke: Wand              |     1 |     1 |    11 |    13 |     2 ||    28
       Phial of floods   |       |       |       |     1 |     1 ||     2
       Lightning rod     |       |       |       |     3 |     1 ||     4
       Lamp of fire      |       |       |       |       |     1 ||     1
  Use: Scroll            |       |     5 |     7 |    11 |     5 ||    28
       Potion            |       |     4 |       |     6 |     7 ||    17
 Stab: Sleeping          |     3 |       |     1 |     3 |       ||     7
       Distracted        |       |     1 |       |     1 |       ||     2
       Invisible         |       |       |       |     1 |       ||     1
       Petrified         |       |       |       |     2 |    14 ||    16
  Eat: Chunk             |     3 |     5 |    20 |    25 |    14 ||    67
       Bread ration      |       |       |       |     3 |       ||     3
       Fruit             |       |       |       |     2 |       ||     2
Armor: Robe              |    18 |    32 |   112 |   144 |       ||   306
       Skin              |       |    11 |     1 |       |       ||    12
       Leather armour    |       |       |       |    51 |   238 ||   289
Dodge: Dodged            |    46 |    58 |   255 |   333 |   313 ||  1005
Block: Buckler           |       |       |    19 |    97 |   122 ||   238
